 Dungeon Crawl Stone Soup version 0.29.0-10-g45618ea6d2 (webtiles) character file.

Game seed: 8043344325821070125

54828 sanka the Brawler (level 14, -66/130 (146) HPs)
             Began as a Troll Cinder Acolyte on Sept 1, 2022.
             Was the Champion of Okawaru.
             Killed from afar by an ancient lich (92 damage)
             ... with a crystal spear
             ... on level 1 of the Depths.
             The game lasted 00:38:35 (14928 turns).

sanka the Brawler (Troll Cinder Acolyte)           Turns: 14928, Time: 00:38:35

HP:   -66/130 (146) AC: 30    Str: 25    XL:     14   Next: 36%
MP:   17/17         EV:  3    Int:  6    God:    Okawaru [******]
Gold: 1138          SH:  0    Dex:  9    Spells: 15/15 levels left

rFire   + + .      SeeInvis .     - Unarmed
rCold   + + .      Faith    +   (no shield)
rNeg    . . .      Spirit   .   U - +2 gold dragon scales
rPois   +          Reflect  .   Q - +2 hat "Joxtu" {rF+ rC+}
rElec   .          Harm     .   T - +0 cloak {rCorr}
rCorr   +          Rampage  .   (gloves unavailable)
Will    +....                   (boots unavailable)
Stlth   ..........              w - amulet of faith
HPRegen 1.11/turn               E - +4 ring of slaying
MPRegen 0.15/turn               x - +4 ring of protection

@: heavily drained
A: large, unfitting armour, claws 3, regeneration 1, shaggy fur 1, tough skin 1,
dopey 2
a: Renounce Religion, Heroism, Finesse, Duel


You were on level 1 of the Depths.
You worshipped Okawaru.
Okawaru was exalted by your worship.
You visited 3 branches of the dungeon, and saw 17 of its levels.
You also visited: Gauntlet.

You collected 1138 gold pieces.


Innate Abilities, Weirdness & Mutations

You are too large for most types of armour.
You have claws for hands.
Your natural rate of healing is unusually fast.
You are covered in fur. (AC +1)
You have tough skin. (AC +1)
You are very dopey. (Int -4)


   Skills:
 + Level 11.2 Fighting
 - Level 12.0 Armour
 + Level 15.9 Unarmed Combat
 - Level 1.0 Spellcasting
 - Level 2.1 Fire Magic
 + Level 6.2 Invocations


You had 15 spell levels left.
You didn't know any spells.
Your spell library contained the following spells:

 Spells                   Type           Power      Damage    Failure   Level
 Apportation              Tloc           0%         N/A       100%        1
 Necrotise                Necr           0%         1d4       100%        1
 Sandblast                Erth           0%         2d4       100%        1
 Shock                    Conj/Air       0%         1d3       100%        1
 Passwall                 Tmut/Erth      0%         N/A       100%        2
 Scorch                   Fire           4%         2d5       100%        2
 Ozocubu's Armour         Ice            0%         N/A       100%        3
 Stone Arrow              Conj/Erth      0%         3d7       100%        3
 Iskenderun's Mystic Bla  Conj/Tloc      0%         2d3       100%        4
 Passage of Golubria      Tloc           0%         N/A       100%        4
 Alistair's Intoxication  Tmut/Pois      0%         N/A       100%        5
 Borgnjor's Vile Clutch   Necr/Erth      0%         N/A       100%        5
 Fireball                 Conj/Fire      0%         3d3       100%        5
 Iskenderun's Battlesphe  Conj           0%         2d6       100%        5
 Metabolic Englaciation   Hex/Ice        0%         N/A       100%        5
 Silence                  Hex/Air        0%         N/A       100%        5
 Conjure Ball Lightning   Conj/Air       0%         3x3d6     100%        6
 Eringya's Noxious Bog    Tmut/Pois      0%         N/A       100%        6
 Orb of Destruction       Conj           0%         9d5       100%        7
 Lehudib's Crystal Spear  Conj/Erth      0%         10d2      100%        8
 Summon Small Mammal      Summ           Unusable   N/A       N/A         1
 Summon Forest            Summ/Tloc      Unusable   N/A       N/A         5
 Summon Mana Viper        Hex/Summ       Unusable   N/A       N/A         5
 Simulacrum               Ice/Necr       Unusable   N/A       N/A         6

Inventory:

Hand Weapons
 b - a +2 halberd of flaming
Missiles
 a - 29 large rocks {=f}
 m - 12 javelins (quivered)
 y - a throwing net {=f}
 H - a curare-tipped dart {=f}
Armour
 Q - the +2 hat "Joxtu" (worn) {rF+ rC+} rF: It protects you from fire. rC: It protects you from cold.
 T - a +0 cloak of preservation (worn)
 U - +2 gold dragon scales (worn)
Jewellery
 f - the ring of Ybeozil {rElec MP+9}

   [ring of magical power]

   rElec:     It insulates you from electricity.
   MP:        It affects your magic capacity (+9).
 u - a +6 ring of dexterity
 v - a ring of protection from fire
 w - an amulet of faith (around neck)
 x - a +4 ring of protection (right claw)
 E - a +4 ring of slaying (left claw)
 N - a +4 ring of evasion
 P - a ring of ice
 S - a ring of flight
Wands
 q - a wand of paralysis (41)
 z - a wand of flame (47)
 G - a wand of roots (11)
 V - a wand of acid (3)
 X - a wand of digging (5)
Scrolls
 c - a scroll of blinking
 e - 4 scrolls of butterflies
 j - 4 scrolls of silence {!r}
 l - 2 scrolls of poison {!r}
 n - 4 scrolls of immolation {!r}
 o - a scroll of enchant weapon
 s - 3 scrolls of magic mapping
 C - 16 scrolls of teleportation {@r4}
 D - 4 scrolls of amnesia
 K - a scroll of vulnerability {!r}
 M - 5 scrolls of noise {!r}
 W - a scroll of torment {unknown}
 Y - a scroll of fear
Potions
 d - a potion of degeneration {unknown}
 g - a potion of invisibility
 h - 6 potions of curing {@q1}
 i - 7 potions of mutation {!q}
 k - 3 potions of heal wounds {@q2}
 p - 3 potions of cancellation
 r - 3 potions of haste {@q3}
 t - 5 potions of might
 A - 3 potions of lignification {!q}
 B - 2 potions of berserk rage {unknown}
 F - 3 potions of attraction {unknown}
 J - 2 potions of flight {unknown}
 L - a potion of ambrosia {unknown}
 O - 4 potions of magic
Miscellaneous
 I - a tin of tremorstones (2/2)
 R - a lightning rod (4/4)

Dungeon Overview and Level Annotations

Branches:
Dungeon (15/15)            Temple (1/1) D:5            Lair (0/5) D:11
    Orc (0/2) D:11         Vaults (0/5) D:13         Depths (1/4) D:15
Gauntlet (visited)

Altars:
Ashenzari
Cheibriados
Dithmenos
Elyvilon
Fedhas
Gozag
Hepliaklqana
Kikubaaqudgha
Makhleb
Nemelex Xobeh
Okawaru
Qazlal
Ru
Sif Muna
Trog
Uskayaw
Vehumet
Wu Jian
Xom
Yredelemnul
Zin
The Shining One

Shops:
D:2 [   D:4 [   D:5 =   D:7 *   D:10 (   D:11 :   D:13 (

Annotations:
D:6 2 transporters
D:11 exclusion: 2 downstairs
Depths:1 13 runed doors

▒... ▒...~~~~~~~..▒ ▒▒......
▒▒...▒▒▒..~~≈≈≈≈p.▒▒▒▒ ▒[.....
▒......)....~~~~~....▒▒ ▒).....
▒.....................▒ ▒▒▒......
..............▒▒.▒▒▒..▒▒▒........
▒...............{..▒.............
▒.▒......................~~~.....
..▒....................≈≈≈≈≈.....
................T......~≈≈≈~.....
........................≈≈≈~.....
.....~~.................~≈≈~.....
.....~~.................~≈≈~...▒▒
.....~~.................~≈≈~~..p.
.~~~.~~..........V.......~~~~~~~~
.......................≈..~~.....
.......................~~....~~e.
▒...........~~~.~~~≈~.)


You could see a vampire mage and a necromancer.


Message History

Unknown command.
Unknown command.
Blink to where?
As you read the scroll of blinking, it crumbles to dust.
The ancient lich casts a spell at you.
You are slowing down.
Unknown command.
You feel limber!
Your magical effects are unravelling.
You feel magically purged.
You are no longer corroded.
Unknown command.
The ancient lich points at you and mumbles some strange words.
The bolt of acid hits you! You resist.
* * * LOW HITPOINT WARNING * * *
The ancient lich casts a spell.
The ancient lich flickers and vanishes!
You hear some strange, mumbled words.
A crystal spear appears from out of thin air!
The crystal spear hits you!
* * * LOW HITPOINT WARNING * * *
A vampire mage comes into view. It is wielding a +0 long sword.
Something tries to affect you, but you resist.
There is a stone staircase leading down here.
You hear some strange, mumbled words.
A crystal spear appears from out of thin air!
The crystal spear hits you!!!!
Ouch! That really hurt!
You die...

Action                   |  1- 3 |  4- 6 |  7- 9 | 10-12 | 13-15 || total
-------------------------+-------+-------+-------+-------+-------++-------
Melee: Unarmed           |   118 |    81 |   197 |   426 |   287 ||  1109
       Punch             |     3 |     3 |    13 |    42 |    38 ||    99
       Halberd           |       |       |     2 |    15 |    23 ||    40
Throw: Javelin           |       |       |       |     2 |       ||     2
Invok: Fiery Armour      |       |       |     1 |     1 |       ||     2
       Heroism           |       |       |       |    14 |    21 ||    35
       Finesse           |       |       |       |       |     2 ||     2
  Use: Scroll            |     5 |       |     8 |     9 |     4 ||    26
       Potion            |       |       |       |       |     2 ||     2
 Stab: Petrified         |       |       |       |       |     1 ||     1
Armor: Robe              |    45 |    13 |    58 |       |       ||   116
       Steam dragon scal |       |       |    30 |    96 |       ||   126
       Gold dragon scale |       |       |       |   131 |   260 ||   391
Dodge: Dodged            |    37 |    37 |    78 |   109 |    60 ||   321

Levels and vault maps discovered:
D:1:      lemuel_arrival_room, layout_basic, serial_forest,
          infiniplex_forest_side_room, infiniplex_forest_clump_curved,
          infiniplex_forest_clump_curved, infiniplex_forest_clump_tiny,
          infiniplex_forest_lined_3, infiniplex_forest_end_double,
          infiniplex_forest_end_2, minmay_crystal_water, minmay_tetromino_o4
D:2:      layout_basic, hellmonk_ecumenical_altar_blasted, serial_shops, shop,
          st_stairs_7, kennysheep_generic_room_13
D:3:      layout_basic, lemuel_tele_altar, minivault_4, uniq_jessica
D:4:      minmay_chambers_of_threes, layout_gridville, serial_shops,
          nicolae_stop_n_shop_1
D:5:      layout_basic, minmay_temple_entry_wispy, serial_shops, shop
D:6:      gammafunk_cloud_chamber, layout_rooms, regret_index_temple_of_mockery,
          mainiacjoe_overflow_swirl
D:7:      layout_rooms, gammafunk_temple_overflow_forgotten,
          hangedman_decor_opposing, nicolae_evil_shop, uniq_joseph, uniq_maggie,
          uniq_pikel
D:8:      minmay_chambers_of_sevens, layout_cave_pools, kennysheep_boxes
D:9:      layout_long_grid
D:10:     layout_basic, mainiacjoe_overflow_small_starburst, serial_shops,
          nicolae_shop_temple_entry_statues_fountains, chequers_arboretum,
          uniq_fannar
D:11:     layout_roguey, grunt_lair_entry_orc_guard_hut, orc_0_dummy,
          serial_shops, nicolae_square_shop, gauntlet_entry_generic
D:12:     layout_rooms, minmay_evil_grid
D:13:     layout_loops_ring, david_vaults_5, serial_shops,
          nicolae_shop_statue_plus, minivault_16, uniq_josephine, uniq_kirke,
          uniq_frances
D:14:     layout_rooms, grunt_dithmenos_smoke, wad_mini_maze
D:15:     hangedman_depths_entry_try_elsewhere_first, layout_stronghold,
          amethyst_killhole, serial_column_ruins, column_ruins_hut,
          column_ruins_hut, column_ruins_grid_1, column_ruins_corridor_straight,
          column_ruins_grid_1, column_ruins_columns_straight,
          nicolae_twisting_strands, uniq_louise
Temple:   nicolae_temple_ecumenical_triangle
Depths:1: layout_cave_pools, pf_hell_entry_tar_river, special_room
          [special_room_morgue], vehumet_crystals, not_door_vault_due

Notes
Turn   | Place    | Note
-------+----------+-------------------------------------------
     0 | D:1      | sanka the Troll Cinder Acolyte began the quest for the Orb.
     0 | D:1      | Reached XP level 1. HP: 22/22 MP: 1/1
   125 | D:1      | Reached XP level 2. HP: 29/29 MP: 2/2
   806 | D:2      | Found Boxtevyr's Armour Shoppe.
   809 | D:2      | Reached skill level 4 in Unarmed Combat
   984 | D:2      | Reached XP level 3. HP: 36/36 MP: 3/3
   986 | D:2      | Found a faded altar of an unknown god.
  1738 | D:3      | Found a glowing silver altar of Zin.
  1752 | D:3      | Reached XP level 4. HP: 44/44 MP: 4/4
  1798 | D:3      | Reached skill level 5 in Unarmed Combat
  1888 | D:3      | Noticed Jessica
  1897 | D:3      | Killed Jessica
  2044 | D:3      | Reached XP level 5. HP: 42/50 MP: 5/5
  2336 | D:4      | Reached skill level 6 in Unarmed Combat
  2731 | D:4      | Found Olusumut's Armour Emporium.
  2780 | D:4      | Noticed a black bear
  2789 | D:4      | Killed a black bear
  2790 | D:4      | Reached skill level 7 in Unarmed Combat
  2790 | D:4      | Reached XP level 6. HP: 30/59 MP: 6/6
  3185 | D:5      | Entered Level 5 of the Dungeon
  3235 | D:5      | Reached skill level 8 in Unarmed Combat
  3235 | D:5      | Reached XP level 7. HP: 52/66 MP: 7/7
  3334 | D:5      | Found a staircase to the Ecumenical Temple.
  3389 | Temple   | Entered the Ecumenical Temple
  3452 | D:5      | Found Aclam's Jewellery Shop.
  3555 | D:5      | Reached skill level 9 in Unarmed Combat
  4043 | D:6      | Reached XP level 8. HP: 54/74 MP: 8/8
  4070 | D:6      | Reached skill level 10 in Unarmed Combat
  4206 | D:6      | Reached skill level 1 in Invocations
  4264 | D:6      | Found a transporter.
  4316 | D:6      | Found a shimmering altar of Xom.
  4317 | D:6      | Found a hazy altar of Hepliaklqana.
  4318 | D:6      | Noticed a spectral ugly thing
  4402 | D:6      | Found a transporter.
  4487 | D:6      | Found an ancient bone altar of Kikubaaqudgha.
  4503 | D:6      | Found a bloodstained altar of Trog.
  4552 | D:6      | Reached skill level 3 in Fighting
  4595 | D:7      | Reached skill level 2 in Invocations
  4625 | D:7      | Identified +0 steam dragon scales
  4625 | D:7      | Noticed Maggie
  4638 | D:7      | Killed Maggie
  4639 | D:7      | Reached skill level 3 in Invocations
  4641 | D:7      | Reached skill level 4 in Fighting
  4685 | D:7      | Reached XP level 9. HP: 84/84 MP: 10/10
  4698 | D:7      | Noticed Joseph
  4706 | D:7      | Killed Joseph
  4707 | D:7      | Reached skill level 11 in Unarmed Combat
  4707 | D:7      | Reached skill level 4 in Invocations
  4754 | D:7      | Found Tiox's Sacrilege Store.
  4886 | D:7      | Found a shadowy altar of Dithmenos.
  4888 | D:7      | Noticed Pikel
  4895 | D:7      | Found a shimmering blue altar of Sif Muna.
  4899 | D:7      | Killed Pikel
  4900 | D:7      | Reached skill level 5 in Fighting
  4936 | D:7      | Found a white marble altar of Elyvilon.
  5344 | D:8      | Reached skill level 6 in Fighting
  5350 | D:8      | Noticed a troll
  5351 | D:8      | Noticed an eight-headed hydra
  5363 | D:8      | Reached skill level 12 in Unarmed Combat
  5521 | D:8      | Reached XP level 10. HP: 88/100 MP: 12/12
  5660 | D:8      | Killed a six-headed hydra
  5979 | D:8      | Reached skill level 7 in Fighting
  6181 | Temple   | Fell from the grace of Ignis
  6181 | Temple   | Became a worshipper of Warmaster Okawaru
  6259 | D:9      | Noticed a two-headed ogre
  6272 | D:9      | Killed a two-headed ogre
  6273 | D:9      | Reached skill level 13 in Unarmed Combat
  6281 | D:9      | Reached * piety under Okawaru
  6647 | D:9      | Reached skill level 8 in Fighting
  6702 | D:9      | Noticed a two-headed ogre
  6708 | D:9      | Killed a two-headed ogre
  7080 | D:9      | Reached ** piety under Okawaru
  7167 | D:10     | Entered Level 10 of the Dungeon
  7257 | D:10     | Reached XP level 11. HP: 104/113 MP: 13/13
  7368 | D:10     | Noticed Fannar
  7383 | D:10     | Killed Fannar
  7383 | D:10     | Reached *** piety under Okawaru
  7455 | D:10     | Reached skill level 14 in Unarmed Combat
  7482 | D:10     | Found Qibats's Antique Weapon Shop.
  7568 | D:10     | Found a broken altar of Ashenzari.
  7695 | D:10     | Identified the +1 scale mail "Xasou" {rElec rPois}
  8124 | D:11     | Identified a scroll of acquirement
  8127 | D:11     | Acquired the ring of Ybeozil {rElec MP+9}
  8140 | D:11     | Reached skill level 9 in Fighting
  8206 | D:12     | Reached **** piety under Okawaru
  8410 | D:11     | Found a gate leading to a gauntlet.
  8416 | Gauntlet | Entered a Gauntlet
  8416 | Gauntlet | Found a transporter.
  8416 | Gauntlet | Found a transporter.
  8416 | Gauntlet | Found a transporter.
  8417 | Gauntlet | Found a transporter.
  8420 | Gauntlet | Found a transporter.
  8420 | Gauntlet | Found a transporter.
  8430 | Gauntlet | Found a transporter.
  8430 | Gauntlet | Found a transporter.
  8434 | Gauntlet | Found a transporter.
  8434 | Gauntlet | Found a transporter.
  8436 | Gauntlet | Noticed a balrug
  8443 | Gauntlet | Noticed a cacodemon
  8444 | Gauntlet | Found a transporter.
  8560 | Gauntlet | Found a transporter.
  8613 | Gauntlet | Noticed a lindwurm
  8613 | Gauntlet | a cyclops changed into a lindwurm
  8684 | Gauntlet | Paralysed by a hornet for 2 turns
  8801 | Gauntlet | Gained mutation: You are dopey. (Int -2) [a neqoxec]
  8803 | Gauntlet | Gained mutation: You are very dopey. (Int -4) [a neqoxec]
  8804 | Gauntlet | Reached ***** piety under Okawaru
  8806 | Gauntlet | Reached skill level 10 in Fighting
  8810 | Gauntlet | Killed a cacodemon
  8811 | Gauntlet | Reached skill level 15 in Unarmed Combat
  8824 | Gauntlet | Identified the ring of Mistrust {Fire rN++ Int+7 Dex-5}
  8853 | Gauntlet | Found the +3 salamander hide armour {Flames rF++ rC--}
  8853 | Gauntlet | Identified +0 gold dragon scales
  8853 | Gauntlet | Noticed a minotaur
  8863 | Gauntlet | Killed a minotaur
  8936 | Gauntlet | Got the Quarto of Assistive Conjuring
  9013 | D:11     | Received a gift from Okawaru
  9014 | D:11     | Reached skill level 1 in Armour
  9014 | D:11     | Reached XP level 12. HP: 115/126 MP: 14/14
  9066 | D:11     | Reached skill level 2 in Armour
  9132 | D:11     | Identified +0 acid dragon scales
  9165 | D:11     | Reached skill level 3 in Armour
  9242 | D:11     | Reached skill level 4 in Armour
  9326 | D:11     | Found a staircase to the Lair.
  9516 | D:11     | Found Husamiol's Book Emporium.
  9619 | D:11     | Found a staircase to the Orcish Mines.
  9848 | D:12     | Reached ****** piety under Okawaru
  9848 | D:12     | Identified the +2 hat "Joxtu" {rF+ rC+} (Okawaru gifted it
                  | to you on level 12 of the Dungeon)
  9848 | D:12     | Received a gift from Okawaru
  9882 | D:12     | Reached skill level 5 in Armour
 10068 | D:12     | Noticed a centaur warrior
 10072 | D:12     | Killed a centaur warrior
 10099 | D:12     | Noticed a death knight
 10105 | D:12     | Killed a death knight
 10106 | D:12     | Reached skill level 6 in Armour
 10144 | D:12     | Noticed a death knight
 10149 | D:12     | Killed a death knight
 10200 | D:12     | Reached skill level 7 in Armour
 10240 | D:12     | Noticed a five-headed hydra
 10242 | D:12     | Identified the +8 hand crossbow of Luxury {flame, Fly
                  | Will+}
 10266 | D:12     | Noticed a four-headed hydra
 10274 | D:12     | Killed a one-headed hydra
 10303 | D:12     | Killed a one-headed hydra
 10329 | D:12     | Reached skill level 8 in Armour
 10708 | D:13     | Noticed Kirke
 10724 | D:13     | Killed Kirke
 10724 | D:13     | Received a gift from Okawaru
 10837 | D:13     | Noticed Frances
 10837 | D:13     | Noticed a seven-headed hydra
 10872 | D:13     | HP: 11/126 [something/shard of ice (19)]
 11048 | D:13     | Reached skill level 9 in Armour
 11049 | D:13     | Reached XP level 13. HP: 70/133 MP: 13/15
 11154 | D:14     | Was forgiven by Ignis
 11349 | D:13     | Killed Frances
 11450 | D:13     | Found Pagi's Weapon Boutique.
 11450 | D:13     | Noticed Josephine
 11462 | D:13     | Killed Josephine
 11482 | D:13     | Reached skill level 10 in Armour
 11541 | D:13     | Identified the +1 robe of Patience {Will+} (Okawaru gifted
                  | it to you on level 13 of the Dungeon)
 11541 | D:13     | Received a gift from Okawaru
 11832 | D:13     | Reached skill level 11 in Armour
 11872 | D:13     | Found a gate to the Vaults.
 12164 | D:14     | Found a shadowy altar of Dithmenos.
 12576 | D:14     | Received a gift from Okawaru
 13132 | D:15     | Entered Level 15 of the Dungeon
 13134 | D:15     | Identified the +2 tower shield of the Mind {-Tele rF+
                  | Str+4} (Okawaru gifted it to you on level 15 of the
                  | Dungeon)
 13134 | D:15     | Received a gift from Okawaru
 13258 | D:15     | Reached skill level 5 in Invocations
 13294 | D:15     | Noticed Louise
 13311 | D:15     | Killed Louise
 13627 | D:15     | Reached XP level 14. HP: 136/144 MP: 14/17
 14240 | D:15     | Reached skill level 11 in Fighting
 14251 | D:15     | Found a staircase to the Depths.
 14374 | Depths:1 | Entered Level 1 of the Depths
 14401 | Depths:1 | Noticed a stone giant
 14474 | Depths:1 | Killed a stone giant
 14503 | Depths:1 | Noticed a stone giant
 14513 | Depths:1 | Killed a stone giant
 14514 | Depths:1 | Reached skill level 6 in Invocations
 14560 | Depths:1 | Noticed a frost giant
 14572 | Depths:1 | Killed a frost giant
 14575 | Depths:1 | Found a radiant altar of Vehumet.
 14623 | Depths:1 | Found a huge runed gate.
 14623 | Depths:1 | Found a huge runed gate.
 14623 | Depths:1 | Found a huge runed gate.
 14623 | Depths:1 | Found a huge runed gate.
 14624 | Depths:1 | Found a huge runed gate.
 14625 | Depths:1 | Found a huge runed gate.
 14625 | Depths:1 | Found a huge runed gate.
 14625 | Depths:1 | Found a huge runed gate.
 14626 | Depths:1 | Found a huge runed gate.
 14626 | Depths:1 | Found a huge runed gate.
 14627 | Depths:1 | Found a huge runed gate.
 14628 | Depths:1 | Found a huge runed gate.
 14629 | Depths:1 | Found a huge runed gate.
 14697 | Depths:1 | Identified the +2 hat "Leaplyfebb" {rN+ rCorr} (Okawaru
                  | gifted it to you on level 1 of the Depths)
 14697 | Depths:1 | Received a gift from Okawaru
 14698 | Depths:1 | Reached skill level 12 in Armour
 14754 | Depths:1 | Noticed a vampire knight
 14754 | Depths:1 | Noticed an ancient lich
 14873 | Depths:1 | Paralysed by a vampire knight for 2 turns
 14928 | Depths:1 | Killed from afar by an ancient lich

Vanquished Creatures
  Frances (D:13)
  Kirke (D:13)
  A frost giant (Depths:1)
  A cacodemon (Gauntlet)
  Louise (D:15)
  2 stone giants (Depths:1)
  A minotaur (Gauntlet)
  A deep elf death mage (Depths:1)
  Josephine (D:13)
  Fannar (D:10)
  A vault guard (D:13)
  4 boulder beetles
  An ice dragon (Depths:1)
  7 hydras
  A catoblepas (D:13)
  8 centaur warriors
  2 two-headed ogres (D:9)
  3 death knights
  A tengu warrior (D:14)
  A flayed ghost (Depths:1)
  A phantasmal warrior (D:12)
  An orc knight (D:15)
  Pikel (D:7)
  6 ugly things (D:15)
  6 deep elf pyromancers
  3 manticores
  Joseph (D:7)
  A salamander (D:15)
  4 cyclopes
  An ice statue (D:13)
  A rust devil (Gauntlet)
  2 gargoyles
  An efreet (D:14)
  A komodo dragon (shapeshifter) (D:14)
  3 unseen horrors
  A komodo dragon (D:11)
  A yaktaur (D:15)
  Maggie (D:7)
  A tengu conjurer (D:15)
  3 trolls
  3 meliai (D:13)
  2 hornets (Gauntlet)
  10 slime creatures
  A ynoxinul (Gauntlet)
  A shadow (D:12)
  A vampire (D:8)
  3 water elementals (Depths:1)
  3 wraiths (D:13)
  A human (D:13)
  13 fire elementals
  2 hogs (D:13)
  21 yaks
  4 wyverns
  A golden eye (shapeshifter) (D:13)
  2 neqoxecs (Gauntlet)
  14 vampire mosquitoes
  A basilisk (D:15)
  A naga (shapeshifter) (D:15)
  2 water moccasins
  An acid dragon (D:11)
  4 orc warriors
  2 sky beasts
  A black bear (shapeshifter) (D:15)
  A black bear (D:4)
  2 ogres
  10 centaurs
  A phantom (D:6)
  A lemure (D:7)
  A kobold brigand (D:8)
  6 bullfrogs
  A gnoll sergeant (D:9)
  A necrophage (D:6)
  2 scorpions (D:4)
  A killer bee (D:8)
  12 wights
  3 howler monkeys (D:12)
  6 lava snakes (D:8)
  3 hounds
  5 orc priests
  3 jellies
  4 iguanas
  2 iron imps (Gauntlet)
  Jessica (D:3)
  10 orc wizards
  6 gnolls
  4 adders
  2 shadow imps
  3 white imps
  2 worms (D:3)
  3 dart slugs
  30 orcs
  7 ball pythons
  8 endoplasms
  4 giant cockroaches
  8 goblins
  8 hobgoblins
  3 jackals (D:3)
  2 quokkas (D:4)
  4 bats
  6 frilled lizards (D:1)
  12 kobolds
  5 rats
367 creatures vanquished.

Vanquished Creatures (others)
  3 fungi (D:11)
  3 plants
6 creatures vanquished.

Grand Total: 373 creatures vanquished
